 Dungeon Crawl Stone Soup version 0.27-a0-906-g0a00ce863d (webtiles) character file.

Game seed: 4793164435818442599

41 Alarkh the Insei (level 3, 0/28 HPs)
             Began as a Demonspawn Gladiator on Apr 7, 2021.
             Slain by a gnoll
             ... wielding a +0 mace
              (5 damage)
             ... on level 2 of the Dungeon.
             The game lasted 00:00:53 (1388 turns).

Alarkh the Insei (Demonspawn Gladiator)             Turns: 1388, Time: 00:00:53

Health: 0/28       AC:  4    Str: 14    XL:     3   Next: 32%
Magic:  3/3        EV: 12    Int: 10    God:
Gold:   58         SH:  0    Dex: 14    Spells: 2/2 levels left

rFire    . . .     SeeInvis .     - Unarmed
rCold    . . .     Faith    .   (no shield)
rNeg     . . .     Spirit   .   a - +0 leather armour
rPois    .         Reflect  .   b - +0 helmet
rElec    .         Harm     .   (no cloak)
rCorr    .         Rampage  .   (no gloves)
Will     .....                  (no boots)
Stlth    +.........             (no amulet)
HPRegen  0.09/turn              (no ring)
MPRegen  0.08/turn              (no ring)

@: mighty
A: claws 1
a: no special abilities


You were on level 2 of the Dungeon.
You visited 1 branch of the dungeon, and saw 2 of its levels.

You collected 58 gold pieces.

Inventory:

Missiles
 c - 3 throwing nets (quivered)
Armour
 a - a +0 leather armour (worn)
 b - a +0 helmet (worn)
Jewellery
 k - a +6 ring of intelligence
Scrolls
 d - a scroll of vulnerability {unknown}
 e - 3 scrolls of identify {unknown}
 g - 2 scrolls of enchant armour {unknown}
 h - 3 scrolls of blinking {unknown}
Potions
 f - a potion of might
 i - a potion of flight {unknown}
 j - a potion of degeneration {unknown}


   Skills:
 + Level 2.6 Fighting
 - Level 1.7 Throwing
 - Level 2.6 Dodging
 * Level 3.6 Unarmed Combat


You had 2 spell levels left.
You didn't know any spells.
Your spell library was empty.

Dungeon Overview and Level Annotations

Branches:
Dungeon (2/15)

Altars:


Innate Abilities, Weirdness & Mutations

You have sharp fingernails.


Message History

There are monsters nearby!
You are too injured to fight recklessly!
There are monsters nearby!
You are too injured to fight recklessly!
There are monsters nearby!
You are too injured to fight recklessly!
You scratch the ball python.
You kill the ball python!
The kobold closely misses you. The rat closely misses you.
You barely miss the kobold. The kobold closely misses you.
The rat closely misses you.
You scratch the kobold but do no damage.
Your claw misses the kobold. The kobold hits you with a +0 dagger.
The kobold hits you with a +0 club. The rat bites you but does no damage.
You scratch the kobold.
You kill the kobold!
The kobold closely misses you. The rat bites you.
* * * LOW HITPOINT WARNING * * *
Unknown command.
Things that are here:
a +0 dagger; a kobold corpse; a ball python corpse It was a potion of might.
You feel very mighty all of a sudden. The kobold barely misses you.
You claw the kobold!
You kill the kobold!
You claw the rat!
You kill the rat!
You miss the frilled lizard. The frilled lizard barely misses you.
You scratch the frilled lizard.
You kill the frilled lizard!
A rat comes into view.
The gnoll throws a throwing net.
The throwing net hits you.
You become entangled in the net!
You struggle against the net.
You struggle against the net.
The gnoll hits you with a +0 mace.
* * * LOW HITPOINT WARNING * * *
You shred the net and break free! The gnoll barely misses you.
You closely miss the gnoll. The gnoll hits you with a +0 mace.
You die...

###.....<.................
........................
.)...............[......
#####......(.........
#.###........... #.#
#.#........ #.##.[........
#.#..#####... #..@#.# #.
#..#g# #..##.# #..# #$$
#..# #r# #..# #.# #... #.#
#(.. #.. .#


You could see a gnoll and a rat (wandering).

Vanquished Creatures
  An adder (D:2)
  A dart slug (D:1)
  3 ball pythons (D:2)
  3 bats
  3 endoplasms
  A giant cockroach (D:1)
  A goblin (D:1)
  A hobgoblin (D:1)
  3 jackals (D:2)
  7 kobolds
  A quokka (D:1)
  2 frilled lizards
  A rat (D:2)
28 creatures vanquished.

Notes
Turn   | Place    | Note
-------+----------+-------------------------------------------
     0 | D:1      | Alarkh the Demonspawn Gladiator began the quest for the
                  | Orb.
     0 | D:1      | Reached XP level 1. HP: 16/16 MP: 1/1
   345 | D:1      | Reached skill level 3 in Unarmed Combat
   366 | D:1      | Gained mutation: You have sharp fingernails. [demonic
                  | ancestry]
   366 | D:1      | Reached XP level 2. HP: 18/22 MP: 2/2
  1174 | D:2      | Reached XP level 3. HP: 11/28 MP: 3/3
  1388 | D:2      | Slain by a gnoll

Illustrated notes

Levels and vault maps discovered:
D:1:      scummos_arrival_forest, layout_loops_ring, serial_co_window_serial,
          co_window_paths_b, co_window_corner_a, co_window_corner_a,
          co_window_paths_a, co_window_paths_a, co_window_paths_a,
          co_window_paths_a, co_window_broadway_c, co_window_cross_4,
          co_window_2corner, co_window_paths_c, co_window_unsneaky_path_e,
          co_window_4corner_b, co_window_paths_e, glass_columns_a,
          glass_columns_c, glass_columns_a, minmay_tripent
D:2:      layout_rooms, basic_ecumenical_altar, minmay_circle_x

Skill      XL: |  1 |
---------------+----+-----
Unarmed Combat | 3 |  3.6
Fighting       | |  2.6
Throwing       | |  1.7
Dodging        | |  2.6

Action                   || total
-------------------------++-------
Melee: Unarmed           ||    77
       Punch             ||     1
  Use: Potion            ||     1
Armor: Leather armour    ||    27
Dodge: Dodged            ||    74

Table legend: (Time is in decaauts)
 A = Elapsed time spent in this place.
 B = Non-inter-level travel time spent in this place.
 C = Inter-level travel time spent in this place.
 D = Time resting spent in this place.
 E = Time spent auto-exploring this place.
 F = Levels seen in this place.
 G = Mean time per level.
                   A        B        C        D        E       F      G
               +--------+--------+--------+--------+--------+-----+--------+
         Total |   1382 |   1337 |     45 |      0 |   1194 |   2 |  691.0 |
       Dungeon |   1382 |   1337 |     45 |      0 |   1194 |   2 |  691.0 |
               +--------+--------+--------+--------+--------+-----+--------+

Top non-repeatable levels by time:
     D:1: 1121 daAuts
     D:2: 261 daAuts
